 Dungeon Crawl Stone Soup version 0.28.0-47-ge53b351184 (webtiles) character file.

Game seed: 4039794514644300668

2985 L33tCrusader the Basher (level 9, -14/79 HPs)
             Began as a Green Draconian Chaos Knight on Apr 24, 2022.
             Was a Plaything of Xom.
             Demolished by a two-headed ogre
             ... wielding a +0 giant club
              (24 damage)
             ... on level 8 of the Dungeon.
             The game lasted 00:43:12 (8783 turns).

L33tCrusader the Basher (DrCK)                      Turns: 8783, Time: 00:43:13

Health: -14/79     AC: 11    Str: 23      XL:     9   Next: 53%
Magic:  9/9        EV: 15    Int: 12 (13) God:    Xom [*.....]
Gold:   345        SH:  4    Dex: 15      Spells: 8/8 levels left

rFire   . . .      SeeInvis .   m - +3 shortbow (chaos)
rCold   . . .      Faith    .   (shield currently unavailable)
rNeg    + . .      Spirit   .   (armour unavailable)
rPois   +          Reflect  .   (helmet restricted)
rElec   .          Harm     .   p - +0 cloak
rCorr   .          Rampage  .   n - +2 pair of gloves {Str+3}
Will    +....      Clarity  +   (no boots)
Stlth   ++++......              (no amulet)
HPRegen 0.00/turn               b - ring of flight
MPRegen 0.11/turn               i - ring of positive energy

@: flying, inhibited regen, unable to read
A: breathe noxious fumes, AC +7, unfitting armour, poison resistance,
cold-blooded, big wings, stinger 1, talons 1, large bone plates 1, thin skeletal
structure 2, camouflage 1, clarity, deterioration 1, strong-willed 1, inhibited
regeneration, strong 1, inability to read while threatened
a: Breathe Noxious Fumes, Renounce Religion


You were on level 8 of the Dungeon.
You worshipped Xom.
You were a special plaything of Xom.
You visited 1 branch of the dungeon, and saw 8 of its levels.

You collected 442 gold pieces.
You spent 97 gold pieces at shops.

Inventory:

Hand Weapons
 m - a +3 shortbow of chaos (weapon)
 q - a +4 whip of pain
Missiles
 o - 48 arrows (quivered ammo)
Armour
 n - a +2 pair of gloves of strength (worn)
 p - a +0 cloak (worn)
Jewellery
 b - a ring of flight (left hand)
 i - a ring of positive energy (right hand)
 r - an amulet of magic regeneration
 t - a ring of positive energy
Wands
 l - a wand of acid (5)
Scrolls
 a - 3 scrolls of teleportation
 c - a scroll of summoning
 g - a scroll of identify
 h - 2 scrolls of magic mapping
 j - a scroll of fog
Potions
 d - 2 potions of curing
 e - 4 potions of brilliance
 f - a potion of attraction
 k - 2 potions of heal wounds
 s - a potion of berserk rage {unknown}


   Skills:
 + Level 7.0 Fighting
 * Level 8.5 Maces & Flails
 + Level 3.8 Bows
 * Level 7.5 Dodging


You had 8 spell levels left.
You didn't know any spells.
Your spell library contained the following spells:

 Spells                   Type           Power      Damage    Failure   Level
 Animate Skeleton         Necr           0%         N/A       32%         1
 Apportation              Tloc           0%         N/A       32%         1
 Pain                     Necr           0%         1d4       32%         1
 Sandblast                Erth           0%         2d4       32%         1
 Slow                     Hex            0%         N/A       32%         1
 Summon Small Mammal      Summ           0%         N/A       32%         1
 Passwall                 Tmut/Erth      0%         N/A       45%         2
 Sublimation of Blood     Necr           0%         N/A       45%         2
 Wereblood                Tmut           0%         N/A       45%         2
 Confusing Touch          Hex            0%         N/A       69%         3
 Stone Arrow              Conj/Erth      0%         3d7       69%         3
 Vampiric Draining        Necr           0%         2d6       69%         3
 Summon Hydra             Summ           0%         N/A       100%        7


Dungeon Overview and Level Annotations

Branches:
Dungeon (8/15)             Temple (0/1) D:5
   Lair: D:8-11

Altars:
Cheibriados
Fedhas
Hepliaklqana
Kikubaaqudgha
Nemelex Xobeh
Okawaru
Ru
Trog
Vehumet
Xom

Shops:
D:5 (   D:8 ?=

Annotations:
D:3 2 runed translucent doors, Crazy Yiuf; Omnilove's ghost, amateur OpTm


Innate Abilities, Weirdness & Mutations

You can breathe blasts of noxious fumes.
Your lurid green scales are hard. (AC +7)
You cannot fit into any form of body armour.
Your system is resistant to poisons. (rPois)
You are cold-blooded and may be slowed by cold attacks.
Your large and strong wings let you fly.
Your tail ends in a venomous barb.
You have sharp toenails.
You are partially covered in large bone plates. (SH +4)
You have a moderately thin skeletal structure. (Dex +4, Stealth++)
Your skin changes colour to match your surroundings (Stealth+).
You possess an exceptional clarity of mind.
Your body sometimes deteriorates upon taking damage.
You are strong-willed. (Will+)
You do not regenerate when monsters are visible.
Your muscles are strong. (Str +2)
You sometimes lose the ability to read scrolls when taking damage.


Message History

The centaur shouts!
The arrow hits the two-headed ogre!
The two-headed ogre appears confused.
The two-headed ogre is moderately wounded.
The centaur wields a +1 shortbow of flaming.
It bursts into flame!
The centaur shoots an arrow.
The arrow closely misses you.
Fire: 51 arrows
Press: ? - help, Q - select action, (/) - cycle Shift-Dir - straight line, f - centaur, p - two-headed ogre
Aim: a centaur, wielding a +1 shortbow of flaming and quivering arrows (76% to hit)
You shoot an arrow.
The arrow hits the centaur but does no damage.
The centaur is poisoned.
The centaur shoots an arrow.
The arrow hits you! The arrow burns you.
The centaur shoots an arrow.
The arrow hits you. The arrow burns you.
Fire: 50 arrows
Press: ? - help, Q - select action, (/) - cycle Shift-Dir - straight line, f/p - centaur
Aim: a centaur, wielding a +1 shortbow of flaming and quivering arrows (lightly wounded, very poisoned, 76% to hit)
You shoot an arrow. The arrow closely misses the centaur.
Xom makes a sudden noise!
You hear someone snoring.
Fire: 49 arrows
Press: ? - help, Q - select action, (/) - cycle Shift-Dir - straight line, f/p - centaur
Aim: a centaur, wielding a +1 shortbow of flaming and quivering arrows (lightly wounded, very poisoned, 76% to hit)
You shoot an arrow. The arrow hits the centaur.
The centaur seems to grow stronger.
The centaur is moderately wounded.
The two-headed ogre seems less confused.
The centaur shoots an arrow.
The arrow hits you.
You feel threatened and lose the ability to read scrolls!
The arrow burns you.
The two-headed ogre hits you with a +0 giant club!! x2
* * * LOW HITPOINT WARNING * * *
Your body deteriorates!
You feel dopey.
There is a fountain of clear blue water here.
Things that are here:
a +0 falchion; an orc corpse The two-headed ogre hits you with a +0 giant club.
* * * LOW HITPOINT WARNING * * *
The two-headed ogre hits you with a +0 giant club!!
You die...
Xom guffaws!

# #.#.# #.. . # #.#.#
#.# .# # ##.#†## #.#
..#
######.....######.##..#
......................#
######.....#####....###
##.#.## ##..⌠..##
...#.# ##.).....#
.....#.# ##..@.....#
####.#.. #...O..>..#
##. #...).....#
#...c.....# ##.#..⌠..##
#.#(..(## .....###
#.#..(# ..#...(


You could see a two-headed ogre (berserk) and a centaur (strong, very poisoned).

Vanquished Creatures
  Psyche (D:8)
  An acid dragon (D:5)
  3 orc warriors
  An ice beast (D:5)
  A necrophage (D:8)
  2 ogres
  A centaur (D:4)
  A phantom (D:5)
  A bullfrog (D:7)
  A water moccasin zombie (D:6)
  6 scorpions
  9 killer bees (D:8)
  A centaur zombie (D:7)
  2 hounds
  4 orc priests
  4 centaur skeletons
  3 iguanas
  2 orc wizards
  2 killer bee zombies
  A hound zombie (D:5)
  3 howler monkey zombies
  6 adders
  2 gnolls
  2 shadow imps (D:6)
  An adder skeleton (D:4)
  A worm (D:4)
  3 dart slugs
  21 orcs
  4 ball pythons
  7 endoplasms
  6 giant cockroaches
  11 goblins
  5 hobgoblins
  9 jackals
  14 kobolds
  9 quokkas
  7 bats
  2 frilled lizards
  10 rats
170 creatures vanquished.

Vanquished Creatures (collateral kills)
  A water moccasin (D:7)
  A kobold brigand (D:7)
  An iguana (D:7)
  2 kobolds (D:7)
5 creatures vanquished.

Vanquished Creatures (others)
  A kobold (D:7)
1 creature vanquished.

Grand Total: 176 creatures vanquished

Notes
Turn   | Place    | Note
-------+----------+-------------------------------------------
     0 | D:1      | L33tCrusader the Draconian Chaos Knight began the quest for
                  | the Orb.
     0 | D:1      | Reached XP level 1. HP: 19/19 MP: 1/1
   175 | D:1      | Reached XP level 2. HP: 20/26 MP: 2/2
   255 | D:1      | Found a faded altar of an unknown god.
   406 | D:1      | XOM: divination: detect items
   416 | D:1      | Reached XP level 3. HP: 24/33 MP: 3/3
   718 | D:1      | XOM: divination: detect items
   794 | D:1      | XOM: 5-stop teleportation journey
  1490 | D:2      | XOM: 1-stop teleportation journey
  1592 | D:2      | Reached XP level 4. HP: 40/40 MP: 4/4
  1762 | D:2      | XOM: divination: detect creatures
  1960 | D:2      | XOM is BORED!
  2292 | D:3      | Found a runed translucent door.
  2293 | D:3      | Noticed Crazy Yiuf
  2325 | D:3      | XOM: polymorph adder -> bat
  2369 | D:3      | XOM: torment (23/40 hp)
  2476 | D:3      | XOM: 1-stop teleportation journey
  2486 | D:3      | Reached skill level 4 in Maces & Flails
  2538 | D:3      | XOM: summons 1 hostile shadow creature
  2734 | D:3      | Gained mutation: You tend to lose your temper in combat.
                  | [potion of mutation]
  2734 | D:3      | Gained mutation: You have a somewhat thin skeletal
                  | structure. (Dex +2, Stealth+) [potion of mutation]
  2734 | D:3      | Gained mutation: You do not regenerate when monsters are
                  | visible. [potion of mutation]
  2797 | D:3      | Found an ancient bone altar of Kikubaaqudgha.
  2833 | D:3      | Found a runed translucent door.
  2836 | D:3      | Reached XP level 5. HP: 40/46 MP: 5/5
  2865 | D:3      | XOM: stat loss: -1 Int (11/12)
  2882 | D:3      | Noticed Omnilove's ghost (amateur OpTm)
  2933 | D:3      | XOM: god gift: hunting sling {god gift}
  3015 | D:3      | XOM: 1-stop teleportation journey
  3431 | D:4      | XOM: butterfly on damage
  3431 | D:4      | XOM: smoke on damage
  3805 | D:4      | Noticed a centaur
  3943 | D:4      | XOM: chaos upgrade
  3948 | D:4      | Killed a centaur
  3949 | D:4      | Reached XP level 6. HP: 16/53 MP: 6/6
  4026 | D:4      | XOM: give mutations
  4026 | D:4      | Gained mutation: Your body sometimes deteriorates upon
                  | taking damage. [Xom's mischief]
  4026 | D:4      | Gained mutation: You sometimes lose the ability to read
                  | scrolls when taking damage. [Xom's mischief]
  4026 | D:4      | Lost mutation: You tend to lose your temper in combat.
                  | [Xom's mischief]
  4150 | D:4      | XOM: noise
  4226 | D:4      | Found a snail-covered altar of Cheibriados.
  4380 | D:4      | XOM: stat loss: -1 Int (11/12)
  4498 | D:5      | Entered Level 5 of the Dungeon
  4618 | D:5      | Noticed an ice beast
  4627 | D:5      | Noticed an acid dragon
  4627 | D:5      | an ice beast changed into an acid dragon
  4627 | D:5      | XOM: polymorph ice beast -> acid dragon
  4632 | D:5      | XOM: smoke on damage
  4635 | D:5      | Killed an acid dragon
  4636 | D:5      | Reached skill level 5 in Maces & Flails
  4787 | D:5      | Noticed an ice beast
  4787 | D:5      | a scorpion changed into an ice beast
  4787 | D:5      | XOM: polymorph scorpion -> ice beast
  4796 | D:5      | Killed an ice beast
  4797 | D:5      | Reached skill level 5 in Fighting
  4882 | D:5      | Your scales start taking on a lurid green colour.
  4882 | D:5      | Reached XP level 7. HP: 61/61 MP: 7/7
  4882 | D:5      | Gained mutation: Your system is resistant to poisons.
                  | (rPois) [Green Draconian growth]
  5056 | D:5      | XOM: 7-stop teleportation journey
  5148 | D:5      | Reached skill level 5 in Dodging
  5187 | D:5      | XOM: cleaving
  5192 | D:5      | Reached skill level 1 in Bows
  5354 | D:5      | Reached skill level 6 in Maces & Flails
  5576 | D:5      | Found a staircase to the Ecumenical Temple.
  5740 | D:5      | XOM: 8-stop teleportation journey
  5800 | D:5      | XOM: give mutations
  5800 | D:5      | Gained mutation: You are partially covered in large bone
                  | plates. (SH +4) [Xom's grace]
  5800 | D:5      | Gained mutation: Your large and strong wings let you fly.
                  | [Xom's grace]
  5800 | D:5      | Gained mutation: Your skin changes colour to match your
                  | surroundings (Stealth+). [Xom's grace]
  5800 | D:5      | Gained mutation: You possess an exceptional clarity of
                  | mind. [Xom's grace]
  5801 | D:5      | XOM: god gift: book of Debilitation
  6025 | D:5      | Found Zyish's Antique Weapon Emporium.
  6048 | D:5      | XOM: give mutations
  6048 | D:5      | Gained mutation: You have sharp toenails. [Xom's grace]
  6048 | D:5      | Gained mutation: You passively dampen the noise of your
                  | surroundings. [Xom's grace]
  6048 | D:5      | Gained mutation: Your muscles are strong. (Str +2) [Xom's
                  | grace]
  6446 | D:6      | Found an iron altar of Okawaru.
  6447 | D:6      | XOM: give mutations
  6447 | D:6      | Gained mutation: You are strong-willed. (Will+) [Xom's
                  | grace]
  6447 | D:6      | Gained mutation: Your muscles are very strong. (Str +4)
                  | [Xom's grace]
  6447 | D:6      | Gained mutation: You have a moderately thin skeletal
                  | structure. (Dex +4, Stealth++) [Xom's grace]
  6475 | D:6      | Reached XP level 8. HP: 64/69 MP: 8/8
  6803 | D:6      | Found a sparkling altar of Nemelex Xobeh.
  6957 | D:6      | Found a blossoming altar of Fedhas.
  6961 | D:6      | Found a radiant altar of Vehumet.
  7125 | D:6      | XOM: summons 1 hostile demon
  7152 | D:6      | Found a shimmering altar of Xom.
  7153 | D:6      | Found a hazy altar of Hepliaklqana.
  7154 | D:6      | Noticed a spectral ugly thing
  7182 | D:6      | Found a sacrificial altar of Ru.
  7463 | D:7      | XOM: enchant monster (good)
  7471 | D:7      | XOM: enchant monster (good)
  7472 | D:7      | Reached skill level 7 in Maces & Flails
  7540 | D:7      | Lost mutation: Your muscles are very strong. (Str +4)
                  | [potion of mutation]
  7540 | D:7      | Lost mutation: You passively dampen the noise of your
                  | surroundings. [potion of mutation]
  7540 | D:7      | Gained mutation: Your tail ends in a venomous barb. [potion
                  | of mutation]
  7884 | D:7      | Found a bloodstained altar of Trog.
  7887 | D:7      | XOM: summons friendly shadow imp
  7927 | D:7      | Reached XP level 9. HP: 76/78 MP: 9/9
  8015 | D:7      | XOM: 5-stop teleportation journey
  8019 | D:7      | Found a flagged portal.
  8304 | D:8      | XOM: stealth player
  8319 | D:8      | Found Gaqioghu's Magic Scroll Shoppe.
  8327 | D:8      | Bought a scroll of enchant armour for 97 gold pieces
  8474 | D:8      | Found Yroquykk's Jewellery Shop.
  8522 | D:8      | XOM: silly message
  8536 | D:8      | Noticed Psyche
  8552 | D:8      | Killed Psyche
  8552 | D:8      | XOM: silly message
  8553 | D:8      | Reached skill level 8 in Maces & Flails
  8682 | D:8      | XOM: cleaving
  8774 | D:8      | Noticed a two-headed ogre
  8779 | D:8      | XOM: noise
  8783 | D:8      | Demolished by a two-headed ogre

Illustrated notes

Levels and vault maps discovered:
D:1:      dpeg_arrival_refuge, layout_loops_ring, ebering_ecumenical_altar_mist,
          amcnicky_mini_pool_small, minmay_cupped
D:2:      layout_basic
D:3:      layout_basic, mainiacjoe_overflow_boulevard, ebering_ghost_sewer_d,
          uniq_crazy_yiuf_cottage
D:4:      layout_rooms, mainiacjoe_overflow_cross_hatched,
          hangedman_decor_clover_reticule
D:5:      layout_basic, minmay_temple_entry_gardened_gates,
          portal_sewer_entry_d, serial_shops, nicolae_lakefront_shop
D:6:      layout_basic, regret_index_temple_of_mockery,
          nicolae_ru_path_of_blood, okawaru_altar_gauntlet_db,
          mainiacjoe_overflow_catwalk_spiral, nemelex_dance_club_becter,
          nicolae_concentric_dashed_squares_mild, minivault_19
D:7:      layout_rooms, trog_butcher_becter, enter_bailey_5
D:8:      layout_loops_ring, serial_shops, nicolae_stop_n_shop_2, shop,
          nicolae_stop_n_shop_2, nicolae_shop_trees, grunt_ministairs_9,
          uniq_psyche

Skill      XL: |  1  2  3  4  5  6  7  8  9 |
---------------+----------------------------+-----
Fighting       | 4 5 6 7 |  7.0
Dodging        | 3 4 5 6 7 |  7.5
Maces & Flails | 4 5 6 7 8 |  8.5
Bows           | 1 3 |  3.8

Action                   |  1- 3 |  4- 6 |  7- 9 || total
-------------------------+-------+-------+-------++-------
Melee: Mace              |    45 |       |       ||    45
       Tailslap          |    11 |    18 |    28 ||    57
       Flail             |    81 |   167 |    29 ||   277
       Punch             |       |     2 |     3 ||     5
       Whip              |       |       |   185 ||   185
       Kick              |       |       |    48 ||    48
 Fire: Shortbow          |       |    11 |    77 ||    88
Throw: Boomerang         |       |     4 |       ||     4
  Use: Scroll            |     5 |     7 |     5 ||    17
       Potion            |       |     1 |     1 ||     2
 Stab: Sleeping          |       |     5 |     8 ||    13
       Distracted        |       |       |     1 ||     1
Armor: Skin              |    49 |    57 |    53 ||   159
Dodge: Dodged            |   110 |   144 |   117 ||   371
Block: Other             |       |       |    22 ||    22
